Map: King's Cove LE

Players

ShoWTimE - Winner!

  • Race: Protoss Protoss
  • League: Grandmaster
  • Spawn Location: 5:00

llllllllllll (Stats)

  • Race: Protoss Protoss
  • League: Master
  • Spawn Location: 11:00

Event: 2019 Assembly Summer

VOD

Have the link to the VOD?

Description

Time

  • Played on: Aug. 1, 2019, 11:34 a.m.
  • Length: 26:48

All games in this series

Show
View Real Time Build Order
Export as new Build Order

ShoWTimE Protoss - Winner!

Build Orders: Oracle Opening, Phoenix Opening, Zealot Archon 

Get SALT Encoding   

  12  0:00  Probe  
  13  0:12  Probe  
  14  0:17  Pylon  
  14  0:24  Probe  
  15  0:32  Probe  
  15  0:37  Gateway  
  15  0:40  Probe  
  16  0:47  Assimilator  
  17  0:51  Probe  
  17  0:56  Assimilator  
  18  1:00  Probe  
  19  1:08  Probe  
  19  1:15  Gateway  
  19  1:17  Probe  
  21  1:26  Cybernetics Core  
  21  1:29  Probe  
  22  1:36  Pylon  
  22  1:41  Probe  
  23  2:02  Stargate  
  23  2:08  Warp Gate  
  23  2:11  Stalker  
  23  2:13  Probe  
  28  2:20  Stalker  
  28  2:24  Pylon  
  28  2:40  Oracle  
  28  2:49  Shield Battery  
  31  3:08  Oracle  
  31  3:17  Nexus  
  34  3:23  Probe  
  34  3:32  Pylon  
  34  3:37  Probe  
  34  3:45  Phoenix  
  36  3:49  Probe  
  37  3:56  Stalker  
  37  4:01  Probe  
  40  4:09  Phoenix  
  40  4:13  Probe  
  43  4:23  Robotics Facility  
  43  4:25  Probe  
  43  4:28  Probe  
  44  4:33  Probe  
  44  4:36  Probe  
  45  4:41  Sentry  
  45  4:42  Probe  
  45  4:44  Probe  
  48  4:51  Probe  
  50  4:53  Forge  
  50  4:56  Probe  
  52  5:03  Probe  
  53  5:08  Probe  
  53  5:11  Assimilator  
  53  5:13  Observer  
  53  5:14  Assimilator  
  53  5:15  Sentry  
  53  5:16  Probe  
  53  5:20  Probe  
  57  5:21  Zealot  
  57  5:23  Protoss Ground Weapons Level 1  
  57  5:25  Pylon  
  57  5:28  Probe  
  60  5:29  Probe  
  61  5:37  Probe  
  62  5:43  Probe  
  62  5:44  Pylon  
  62  5:46  Probe  
  64  5:50  Immortal  
  64  5:55  Probe  
  69  5:59  Probe  
  69  6:03  Twilight Council  
  69  6:07  Probe  
  69  6:11  Probe  
  71  6:17  Pylon  
  71  6:29  Immortal  
  71  6:30  Pylon  
  75  6:35  Gateway  
  75  6:38  Gateway  
  75  6:44  Charge  
  75  6:48  Templar Archives  
  75  6:59  Gateway  
  75  7:01  Gateway  
  75  7:06  Gateway  
  75  7:07  Gateway  
  75  7:08  Protoss Ground Weapons Level 2  
  75  7:11  Warp Prism  
  75  7:14  Pylon  
  77  7:29  Nexus  
  77  7:34  Pylon  
  77  7:37  High Templar  
  77  7:38  High Templar  
  77  7:42  High Templar x2, Archon  
  85  7:48  Archon, Pylon  
  85  8:01  Zealot x3  
  85  8:03  Probe x2  
  85  8:05  Pylon  
  93  8:09  High Templar  
  93  8:10  High Templar  
  97  8:14  Archon  
  97  8:15  Probe x2  
  99  8:27  Probe  
  99  8:28  Probe  
  99  8:29  Zealot x5  
  99  8:30  Pylon  
  111  8:41  Pylon  
  111  8:42  Probe x3  
  111  8:46  Shield Battery  
  114  8:48  Assimilator  
  114  8:50  High Templar  
  114  8:51  High Templar, Assimilator  
  114  8:55  Archon  
  118  9:02  Zealot x3  
  124  9:05  Protoss Ground Weapons Level 3  
  124  9:07  Probe x3  
  127  9:14  Photon Cannon  
  127  9:18  Photon Cannon  
  127  9:20  Photon Cannon  
  127  9:27  High Templar x2  
  127  9:29  Probe  
  132  9:31  Probe  
  132  9:32  Archon  
  132  9:33  Probe  
  134  9:46  Pylon  
  134  9:56  High Templar x4  
  134  9:57  Zealot x2  
  146  10:01  Shield Battery, Archon  
  146  10:02  Archon  
  146  10:07  Nexus  
  146  10:12  Zealot x2  
  150  10:21  High Templar x2  
  154  10:27  Gateway, Pylon, Archon  
  154  10:30  Gateway  
  154  10:31  Pylon  
  154  10:33  Pylon  
  154  10:35  Pylon  
  154  10:41  Robotics Bay  
  154  10:43  Robotics Facility  
  154  10:44  Zealot x3  
  160  10:53  Probe x3  
  160  10:55  Assimilator  
  163  10:58  Photon Cannon  
  163  11:00  Assimilator  
  163  11:02  Dark Shrine  
  163  11:10  Photon Cannon  
  163  11:17  Probe x2  
  163  11:18  Probe  
  166  11:20  High Templar x4, Disruptor  
  166  11:23  Archon  
  166  11:24  Disruptor, Archon  
  174  11:30  Zealot x4  
  182  11:47  Pylon  
  182  11:50  Shield Battery  
  182  11:55  Phoenix  
  182  11:56  Disruptor  
  182  12:00  Disruptor, Protoss Shields Level 1  
  190  12:01  Zealot x3  
  190  12:02  Zealot  
  194  12:15  Phoenix  
  196  12:27  Pylon  
  196  12:32  Disruptor  
  196  12:34  Pylon  
  199  12:40  Phoenix  
  191  13:00  Stargate  
  191  13:03  Dark Templar x4, Zealot x2, Fleet Beacon  
  199  13:40  Mothership  
  196  13:41  Dark Templar x2  
  196  13:44  Zealot x2  
  192  13:51  Phoenix  
  192  13:52  Zealot x2  
  192  13:53  Zealot x4  
  176  13:56  Disruptor x2  
  176  13:59  Photon Cannon  
  176  14:01  Photon Cannon  
  190  14:12  Phoenix  
  190  14:16  Probe x2  
  190  14:17  Probe  
  195  14:24  Protoss Air Weapons Level 1  
  195  14:31  Disruptor  
  198  14:44  Blink  
  194  14:46  Stargate  
  194  14:48  Stargate  
  194  14:49  Nexus  
  194  14:51  Pylon  
  194  14:59  Protoss Shields Level 2  
  194  15:00  Pylon  
  194  15:08  Gateway  
  194  15:10  Gateway  
  194  15:12  Gateway  
  192  15:20  Warp Prism  
  182  15:29  Tempest  
  182  15:31  Tempest  
  192  15:53  Dark Templar x3  
  192  15:55  Photon Cannon  
  198  15:59  Photon Cannon  
  198  16:01  Photon Cannon  
  198  16:04  Assimilator  
  198  16:10  Assimilator  
  198  16:47  Tempest  
  200  16:57  Oracle  
  200  17:07  Photon Cannon  
  200  17:09  Photon Cannon  
  200  17:11  Photon Cannon  
  200  17:15  Gateway  
  200  17:18  Gateway  
  200  17:21  Gateway  
  200  17:23  Protoss Shields Level 3  
  200  17:24  Gateway, Protoss Air Weapons Level 2  
  200  17:26  Stargate  
  200  17:52  Tempest  
  196  18:02  Tempest  
  193  18:08  Tempest  
  196  18:55  Nexus, Tempest x2  
  188  18:57  Pylon  
  198  19:14  Disruptor  
  196  19:27  Oracle  
  196  19:30  Tempest  
  188  19:31  High Templar x4  
  188  19:37  Archon x2  
  187  19:43  Pylon  
  177  19:46  Nexus, Pylon  
  177  19:48  Pylon x2  
  177  19:50  Pylon  
  172  20:03  High Templar x4  
  172  20:04  Nexus  
  180  20:09  Tempest x2  
  180  20:10  Archon  
  180  20:11  Photon Cannon, Archon  
  180  20:13  Photon Cannon  
  190  20:14  Photon Cannon  
  190  20:18  Pylon  
  190  20:21  Oracle  
  190  20:27  Pylon  
  193  20:31  Protoss Air Weapons Level 3  
  193  20:50  Photon Cannon  
  193  20:52  Oracle, Photon Cannon  
  193  20:54  Photon Cannon, Assimilator  
  193  20:56  Dark Templar x2, Shield Battery  
  200  20:57  Assimilator  
  200  20:58  Shield Battery, Assimilator  
  193  21:43  Zealot x5  
  194  21:59  Stalker x3  
  189  22:12  Zealot x4  
  189  22:13  Zealot x2  
  170  22:30  Zealot x4  
  169  22:37  Dark Templar x5, Zealot  
  169  22:39  Probe  
  169  22:40  Probe, Photon Cannon  
  169  22:42  Probe  
  169  22:43  Photon Cannon  
  181  22:49  Observer x2  
  183  22:51  Probe  
  183  22:54  Zealot  
  183  22:55  Zealot, Probe  
  183  22:56  Probe  
  190  23:03  Probe  
  190  23:04  Zealot  
  193  23:11  Observer  
  184  23:20  Observer  
  184  23:21  Oracle  
  162  23:34  Zealot x5  
  160  23:46  Probe x5  
  160  23:47  Probe  
  166  23:52  Dark Templar  
  157  24:09  Dark Templar, Probe  
  159  24:10  Pylon  
  159  24:11  Zealot  
  162  24:17  Probe  
  162  24:21  Zealot x2  
  167  24:27  Probe  
  165  24:39  Mothership, Probe  
  165  24:42  Disruptor x2  
  165  24:44  Probe x2  
  165  24:51  Oracle  
  166  24:54  Probe  
  166  24:55  Photon Cannon  
  175  25:02  Probe  
  175  25:06  Stalker x2  
  180  25:12  Probe  
  178  25:14  Tempest  
  181  25:34  Zealot  
  181  25:35  Zealot x5, Dark Templar x2  
  197  25:41  Zealot  
  190  26:02  Tempest x2  
  190  26:03  Assimilator  
  200  26:07  Assimilator  
  200  26:13  Photon Cannon  
  200  26:16  Pylon  
  198  26:22  Zealot, Pylon  
  200  26:29  Probe  
  196  26:40  Zealot x2  
Show
View Real Time Build Order
Export as new Build Order

llllllllllll Protoss 

Build Orders: Oracle Opening, Carriers, Zealot Archon 

Get SALT Encoding   

  12  0:00  Probe  
  13  0:12  Probe  
  14  0:18  Pylon  
  14  0:24  Probe  
  15  0:32  Probe  
  15  0:38  Gateway  
  15  0:40  Probe  
  16  0:47  Assimilator  
  17  0:51  Probe  
  17  0:56  Assimilator  
  18  1:00  Probe  
  19  1:08  Probe  
  19  1:09  Gateway  
  19  1:17  Probe  
  21  1:26  Cybernetics Core  
  21  1:29  Probe  
  22  1:38  Pylon  
  22  1:42  Probe  
  23  1:56  Probe  
  24  2:02  Stargate, Warp Gate  
  24  2:14  Stalker  
  26  2:19  Stalker  
  26  2:22  Pylon  
  28  2:24  Probe  
  29  2:39  Oracle  
  31  3:05  Nexus  
  31  3:06  Oracle  
  35  3:25  Shield Battery  
  35  3:30  Pylon  
  34  3:36  Robotics Facility  
  34  3:41  Probe  
  35  3:54  Probe  
  36  3:58  Stalker x2  
  40  4:08  Probe  
  39  4:13  Phoenix  
  41  4:20  Probe  
  41  4:23  Stalker  
  44  4:25  Probe  
  45  4:32  Probe  
  45  4:37  Probe  
  43  4:44  Observer, Probe  
  46  4:45  Probe  
  47  4:52  Pylon  
  47  4:55  Stalker  
  47  4:56  Probe, Stalker  
  47  4:59  Probe  
  53  5:08  Probe  
  53  5:11  Probe  
  53  5:14  Shield Battery  
  53  5:21  Probe  
  54  5:23  Probe  
  54  5:26  Forge  
  55  5:30  Probe, Stalker  
  55  5:31  Sentry, Observer  
  55  5:32  Probe, Assimilator  
  61  5:36  Assimilator  
  61  5:38  Probe  
  61  5:40  Probe  
  62  5:47  Probe  
  62  5:49  Probe  
  65  5:58  Twilight Council  
  65  5:59  Probe  
  65  6:01  Probe  
  65  6:03  Protoss Ground Weapons Level 1  
  67  6:16  Pylon  
  67  6:17  Pylon  
  67  6:22  Gateway  
  67  6:23  Warp Prism, Gateway  
  69  6:31  Pylon  
  69  6:36  Templar Archives  
  69  6:37  Charge  
  69  6:42  Probe  
  69  6:49  Gateway  
  69  6:50  Gateway  
  69  6:52  Gateway  
  69  6:54  Gateway  
  69  7:00  Observer  
  70  7:16  Probe x2  
  70  7:20  High Templar x2  
  76  7:23  Nexus  
  76  7:25  Pylon  
  76  7:26  High Templar  
  76  7:29  Pylon  
  78  7:32  Probe x2  
  80  7:37  High Templar  
  80  7:40  Archon  
  82  7:44  Probe x2  
  82  7:45  Protoss Ground Weapons Level 2  
  82  7:50  Zealot x4  
  92  7:55  Zealot x2  
  96  7:58  Probe  
  96  7:59  Probe  
  96  8:02  Pylon  
  98  8:12  Photon Cannon, Archon  
  98  8:15  Probe x2  
  100  8:27  High Templar x2  
  100  8:31  Pylon  
  100  8:32  Archon, Pylon  
  104  8:36  Photon Cannon  
  104  8:47  High Templar x2  
  108  8:49  Zealot x4  
  108  8:50  Probe x3  
  108  8:51  Archon  
  108  8:53  Pylon  
  119  8:57  Pylon  
  119  8:58  Assimilator x2  
  119  9:08  Probe  
  120  9:14  Pylon x2  
  120  9:21  Probe  
  120  9:23  High Templar x2  
  120  9:24  Zealot x5  
  133  9:28  Photon Cannon  
  133  9:29  Archon  
  135  9:34  Pylon  
  135  9:35  Sentry  
  137  9:40  Observer  
  137  9:45  Zealot x2  
  137  9:48  Zealot, Pylon  
  139  9:56  Nexus  
  139  10:05  Protoss Ground Weapons Level 3  
  139  10:08  Robotics Bay  
  139  10:09  Robotics Facility  
  139  10:11  Stalker x2  
  141  10:29  High Templar x2  
  141  10:33  Archon  
  145  10:37  Zealot x3, Pylon  
  145  10:38  High Templar x2, Zealot  
  157  10:43  Archon  
  157  10:47  Disruptor x2  
  157  10:50  Probe x3  
  167  11:04  Probe x3  
  167  11:06  Blink  
  169  11:14  Probe  
  169  11:16  Probe x3  
  173  11:18  Disruptor  
  173  11:19  Disruptor  
  179  11:26  Photon Cannon  
  179  11:29  Probe, Photon Cannon  
  179  11:30  Probe x3  
  183  11:48  Observer  
  183  11:49  Stargate  
  183  11:57  Probe x4, Assimilator  
  183  12:00  Disruptor x2  
  187  12:05  Assimilator  
  187  12:08  Pylon  
  187  12:14  Gateway  
  187  12:16  Gateway  
  187  12:17  Gateway  
  187  12:19  Zealot x3  
  187  12:20  Zealot, Gateway  
  195  12:22  Dark Shrine  
  193  12:40  Oracle  
  193  12:42  Fleet Beacon  
  193  12:43  Stargate  
  196  12:45  Stargate  
  196  12:49  Zealot  
  196  12:50  Zealot x2  
  190  13:10  Protoss Shields Level 1  
  190  13:19  Protoss Air Weapons Level 1  
  190  13:21  Pylon  
  190  13:22  Mothership  
  190  13:23  Cybernetics Core  
  194  13:41  Zealot x3  
  194  13:51  Photon Cannon  
  194  13:52  Carrier  
  194  13:53  Carrier x2  
  194  13:54  Photon Cannon  
  182  13:58  Protoss Air Armor Level 1  
  182  14:00  Photon Cannon  
  182  14:02  Shield Battery  
  190  14:04  Shield Battery  
  194  14:19  Nexus  
  194  14:20  Pylon  
  192  14:39  Zealot x4  
  200  14:54  Gravitic Boosters  
  200  14:59  Shield Battery  
  200  15:00  Shield Battery  
  200  15:03  Photon Cannon  
  200  15:05  Photon Cannon  
  198  15:07  Pylon  
  198  15:09  Carrier  
  198  15:10  Carrier  
  198  15:13  Carrier  
  198  15:14  Protoss Shields Level 2  
  182  15:51  Gravitic Drive  
  182  16:04  Carrier  
  179  16:05  Protoss Air Weapons Level 2, Protoss Air Armor Level 2  
  179  16:07  Carrier  
  179  16:08  Carrier  
  194  16:31  Assimilator x2  
  194  16:34  Photon Cannon  
  194  16:36  Photon Cannon  
  194  16:39  Zealot x4  
  199  16:43  Nexus  
  199  16:44  Pylon  
  189  16:54  Zealot x2  
  189  16:55  Zealot x3  
  199  17:11  Observer x2  
  199  17:25  Photon Cannon  
  199  17:27  Photon Cannon  
  199  17:28  Carrier  
  199  17:29  Assimilator  
  191  17:33  Assimilator  
  191  17:34  Carrier  
  191  17:36  Photon Cannon  
  191  17:43  Carrier  
  199  18:16  Nexus, Pylon  
  199  18:21  Protoss Shields Level 3  
  199  18:23  Protoss Air Armor Level 3, Protoss Air Weapons Level 3  
  199  18:41  Photon Cannon  
  199  18:42  Photon Cannon  
  199  18:44  Photon Cannon  
  195  19:04  Stalker x2  
  199  19:22  Stalker  
  200  19:36  Observer  
  200  19:48  Dark Templar  
  200  20:02  Photon Cannon  
  200  20:03  Photon Cannon  
  200  20:07  Photon Cannon  
  200  20:10  Warp Prism  
  200  20:14  Nexus  
  200  20:15  Pylon  
  200  20:49  Photon Cannon  
  200  20:50  Photon Cannon  
  200  20:52  Photon Cannon  
  200  20:53  Shield Battery  
  199  21:10  Observer  
  199  21:11  Protoss Ground Armor Level 1  
  199  21:17  Pylon  
  199  21:22  Observer x2  
  154  21:40  Stalker x2  
  154  21:41  Stalker x9  
  154  21:42  Stalker  
  166  21:52  Tempest x3  
  165  22:04  Stalker x5  
  165  22:05  Stalker x6  
  177  22:08  Stalker  
  169  22:25  Disruptor  
  169  22:26  Tempest x3  
  169  22:28  Disruptor  
  135  22:30  Mothership  
  139  22:38  Stalker x5  
  139  22:39  Stalker x7  
  167  22:51  Disruptor  
  167  22:56  Disruptor  
  170  23:11  Nexus  
  168  23:18  Zealot x9  
  168  23:19  Zealot x3  
  146  23:29  Tempest  
  146  23:30  Tempest  
  146  23:31  Disruptor x2, Tempest  
  129  23:52  High Templar x7  
  129  23:53  High Templar, Stalker x2  
  129  23:54  Stalker  
  147  23:59  Archon  
  147  24:00  Archon x2  
  147  24:01  Archon  
  142  24:11  Pylon  
  142  24:18  Assimilator  
  142  24:22  Assimilator  
  142  24:28  Oracle  
  123  24:40  Disruptor  
  122  24:58  Nexus  
  122  24:59  Disruptor  
  122  25:02  Zealot x5  
  121  25:45  Zealot x3  
  121  25:46  Zealot x6  
Tags
 
Add a new tag
Caveats
  • Supply blocks, unpowered buildings, or Contaminate may cause inaccurate times.
  • Supply counts are checked every 10 seconds.